 Dungeon Crawl Stone Soup version 0.24.0-37-gcf1ca852f1 (webtiles) character file.

Game seed: 13648708436458585351, levelgen mode: deterministic

10213 Gruesph the Arsonist (level 11, -6/64 HPs)
             Began as a Deep Elf Fire Elementalist on Nov 27, 2019.
             Was a Priest of Sif Muna.
             Mangled by a death yak (25 damage)
             ... on level 9 of the Dungeon.
             The game lasted 01:01:24 (14918 turns).

Gruesph the Arsonist (Deep Elf Fire Elementalist)  Turns: 14918, Time: 01:01:25

Health: -6/64      AC:  5    Str:  5    XL:     11   Next: 33%
Magic:  12/26      EV: 17    Int: 33    God:    Sif Muna [***...]
Gold:   367        SH:  0    Dex: 13    Spells: 14/29 levels left

rFire    + . .     SeeInvis .   a - staff of fire
rCold    + . .     Gourm    .   (no shield)
rNeg     + . .     Faith    .   D - +2 robe {MR+}
rPois    .         Spirit   .   u - +0 helmet of the Beginning {rC+ rN+ Int+3 Dex-2}
rElec    .         Reflect  .   (no cloak)
rCorr    .         Harm     .   (no gloves)
MR       +++..                  (no boots)
Stlth    ++........             (no amulet)
HPRegen  0.20/turn              m - ring of protection from magic
MPRegen  0.20/turn              p - +6 ring of intelligence

@: no status effects
A: no striking features
a: Channel Magic, Forget Spell, Renounce Religion


You were on level 9 of the Dungeon.
You worshipped Sif Muna.
Sif Muna was most pleased with you.
You were not hungry.

You visited 2 branches of the dungeon, and saw 11 of its levels.

You collected 367 gold pieces.

Inventory:

Hand Weapons
 A - a +0 dagger
Missiles
 d - 153 stones
 g - 64 sling bullets
 x - 24 poisoned darts (quivered)
Armour
 h - a +0 buckler
 u - the +0 helmet of the Beginning (worn) {rC+ rN+ Int+3 Dex-2}
   (You found it on level 4 of the Dungeon)

   It affects your intelligence (+3).
   It affects your dexterity (-2).
   It protects you from cold.
   It protects you from negative energy.
 D - a +2 robe of magic resistance (worn)
Magical Staves
 a - an uncursed staff of fire (weapon)
Jewellery
 m - a ring of protection from magic (left hand)
 p - a +6 ring of intelligence (right hand)
 t - an uncursed ring of protection from cold
Wands
 b - a wand of clouds (4)
 s - a wand of digging (8)
 B - a wand of acid (6)
 C - a wand of polymorph (5)
Scrolls
 k - 8 scrolls of teleportation
 l - 5 scrolls of fog
 n - 2 scrolls of immolation
 q - 2 scrolls of blinking
 r - a scroll of remove curse
Potions
 c - 4 potions of curing
 e - a potion of invisibility
 j - a potion of flight
 o - 3 potions of brilliance
 w - a potion of might
 y - 2 potions of berserk rage
 E - a potion of haste {unknown}
 F - a potion of cancellation {unknown}
 G - a potion of agility {unknown}
Comestibles
 f - 10 rations
 i - a chunk of flesh


   Skills:
 + Level 5.2 Fighting
 + Level 8.1 Dodging
 - Level 2.4 Stealth
 + Level 9.9 Spellcasting
 - Level 10.0 Conjurations
 - Level 10.0 Fire Magic
 - Level 6.0 Evocations


You had 14 spell levels left.
You knew the following spells:

 Your Spells              Type           Power        Failure   Level  Hunger
a - Throw Flame           Conj/Fire      ######       1%          2    None
b - Conjure Flame         Conj/Fire      #######.     1%          3    None
c - Sticky Flame          Conj/Fire      #######.     1%          4    None
d - Fireball              Conj/Fire      #######...   1%          5    ###....
e - Flame Tongue          Conj/Fire      #####        1%          1    None

Your spell library contained the following spells:

 Spells                   Type           Power        Failure   Level  Hunger
 Inner Flame              Hex/Fire       ######..     1%          3    None
 Static Discharge         Conj/Air       #####...     1%          3    None
 Lightning Bolt           Conj/Air       #####.....   11%         5    ###....
 Ignition                 Fire           #######...   97%         8    #######
 Shatter                  Erth           ###.......   100%        9    #######
 Tornado                  Air            ###.......   100%        9    #######


Dungeon Overview and Level Annotations

Branches:
Dungeon (10/15)            Temple (1/1) D:4             Orc (0/2) D:9
   Lair: D:8-11

Altars:
Ashenzari
Cheibriados
Dithmenos
Elyvilon
Fedhas
Gozag
Hepliaklqana
Kikubaaqudgha
Makhleb
Nemelex Xobeh
Okawaru
Qazlal
Ru
Sif Muna
Trog
Uskayaw
Vehumet
Wu Jian
Xom
Yredelemnul
Zin
The Shining One

Shops:
D:4 [   D:7 :

Annotations:
D:3 exclusions: 2 orcs and 2 orc priests
D:10 exclusion: crimson imp


Message History

You assume a fearsome visage.
The death yak resists with some effort.
The death yak burns!
The death yak gores you!
Casting: Sticky Flame (safe; 1% risk of failure)
Confirm with . or Enter, or press ? or * to list all spells.
Aiming: Fireball (safe; 1% risk of failure)
Press: ? - help, Shift-Dir - straight line, p - death yak You feel a surge of power!
The fireball explodes!
The fireball engulfs the death yak!!
The death yak is severely wounded.
The death yak burns!
The death yak gores you!
* * * LOW HITPOINT WARNING * * *
Casting: Fireball (safe; 1% risk of failure)
Confirm with . or Enter, or press ? or * to list all spells.
Aiming: Fireball (safe; 1% risk of failure)
Press: ? - help, Shift-Dir - straight line You feel a surge of power!
The fireball explodes!
The fireball engulfs the death yak.
The death yak is severely wounded.
The death yak burns!
The death yak gores you!!
You die...

#........#
+..>.....#
#........#
#........#
.....###### ###
###..####_###_###
.....##8...8...8###
####.##.........####
#.#_........Y@#.#
####.........##.#
###8...8...8##.#
###_###_####(#
###### ### ##.#
###..#########..#
#....##........##
#....##.##.##### #
#....##.##.#


You could see a death yak (burning).

Vanquished Creatures
  A two-headed ogre (D:9)
  An unseen horror (D:8)
  An ice statue (D:8)
  5 ice devils (D:8)
  2 hippogriffs
  A human (D:9)
  A wyvern (D:8)
  4 hogs (D:9)
  3 yaks (D:10)
  Grum (D:9)
  2 hungry ghosts
  Duvessa (D:7)
  2 water moccasins
  A sky beast (D:6)
  8 ice beasts
  5 orc warriors
  2 phantoms
  4 black bears
  A necrophage (D:9)
  4 centaurs
  4 wolves (D:9)
  3 ogres
  2 big kobolds (D:8)
  6 bullfrogs
  Blork the orc (D:6)
  Dowan (D:7)
  3 scorpions
  A water moccasin skeleton (D:9)
  3 wights (D:8)
  4 howler monkeys
  3 electric eels (D:9)
  A bullfrog zombie (D:8)
  3 hounds
  2 jellies
  4 orc priests
  A gnoll shaman (D:6)
  5 orc wizards
  Jessica (D:3)
  A bullfrog skeleton (D:5)
  2 iguanas (D:7)
  4 worker ants
  A killer bee zombie (D:8)
  2 hound skeletons
  A hound zombie (D:5)
  2 worker ant zombies (D:9)
  10 gnolls
  A howler monkey skeleton (D:4)
  12 adders
  2 shadow imps
  7 ufetubi (D:8)
  An adder skeleton (D:5)
  3 worms
  2 dart slugs
  8 leopard geckos
  34 orcs
  3 ball pythons
  6 giant cockroaches
  7 goblins
  7 hobgoblins
  13 jackals
  4 quokkas
  5 bats
  3 frilled lizards
  11 kobolds
  A quokka skeleton (D:2)
  A quokka zombie (D:9)
  4 rats
256 creatures vanquished.

Notes
Turn   | Place    | Note
-------+----------+-------------------------------------------
     0 | D:1      | Gruesph the Deep Elf Fire Elementalist began the quest for
                  | the Orb.
     0 | D:1      | Reached XP level 1. HP: 10/10 MP: 6/6
   230 | D:1      | Reached XP level 2. HP: 15/15 MP: 6/8
   828 | D:2      | Reached XP level 3. HP: 19/19 MP: 5/10
   973 | D:2      | Learned a level 3 spell: Conjure Flame
  1426 | D:2      | Found a sacrificial altar of Ru.
  1793 | D:3      | Reached XP level 4. HP: 24/24 MP: 9/12
  1799 | D:3      | Learned a level 4 spell: Sticky Flame
  1833 | D:3      | Noticed Jessica
  1964 | D:3      | Found an ornate altar of the Wu Jian Council.
  2633 | D:3      | Killed Jessica
  2974 | D:4      | Found a staircase to the Ecumenical Temple.
  2978 | Temple   | Entered the Ecumenical Temple
  3326 | D:4      | Found Foin's Armour Shop.
  3442 | D:4      | Reached XP level 5. HP: 28/28 MP: 10/14
  3503 | D:4      | Reached skill level 5 in Spellcasting
  3784 | D:4      | Reached skill level 5 in Fire Magic
  3784 | D:4      | Reached XP level 6. HP: 29/32 MP: 9/15
  3798 | D:4      | Learned a level 5 spell: Fireball
  3969 | D:4      | You fall into a shaft and drop 1 floor!
  3969 | D:5      | Entered Level 5 of the Dungeon
  4054 | D:4      | Got a shimmering helmet
  4440 | D:5      | Found a sparkling altar of Nemelex Xobeh.
  4499 | D:5      | Found a glowing silver altar of Zin.
  4926 | D:5      | Noticed an ice beast
  4935 | D:5      | Killed an ice beast
  4935 | D:5      | Reached skill level 5 in Conjurations
  4935 | D:5      | Reached XP level 7. HP: 30/36 MP: 6/16
  5008 | D:5      | Found a shimmering altar of Xom.
  5363 | D:5      | Identified the cursed +0 helmet of the Beginning {rC+ rN+
                  | Int+3 Dex-2} (You found it on level 4 of the Dungeon)
  5540 | D:6      | Noticed Blork the orc
  5550 | D:6      | Killed Blork the orc
  5925 | D:6      | Reached XP level 8. HP: 41/41 MP: 10/17
  6798 | D:6      | Found a bloodstained altar of Trog.
  6958 | D:6      | Found a shimmering blue altar of Sif Muna.
  6961 | D:6      | Became a worshipper of Sif Muna the Loreminder
  7404 | D:7      | Noticed Dowan
  7474 | D:7      | Noticed Duvessa
  7486 | D:7      | Killed Duvessa
  7501 | D:7      | Killed Dowan
  7673 | D:7      | Reached XP level 9. HP: 44/45 MP: 10/18
  7678 | D:7      | Learned a level 2 spell: Throw Flame
  7904 | D:7      | Found Ifoumpyj's Book Shop.
  8121 | D:7      | Found a basalt altar of Yredelemnul.
  8524 | D:7      | Found a white marble altar of Elyvilon.
  8623 | D:8      | Reached * piety under Sif Muna
  8625 | D:8      | Noticed an ice devil
  8857 | D:8      | Noticed an ice devil
  8861 | D:8      | Noticed an ice devil
  8890 | D:8      | Noticed an ice devil
  8892 | D:8      | Reached skill level 10 in Fire Magic
  9258 | D:7      | Reached skill level 10 in Conjurations
  9663 | D:8      | Reached skill level 1 in Fighting
  9663 | D:8      | Reached skill level 1 in Evocations
 10260 | D:8      | Noticed an ice devil
 10261 | D:8      | Killed an ice devil
 10263 | D:8      | Killed an ice devil
 10359 | D:8      | Killed an ice devil
 10359 | D:8      | Reached XP level 10. HP: 54/54 MP: 14/22
 10415 | D:8      | Noticed an unseen horror
 10417 | D:8      | Killed an unseen horror
 10417 | D:8      | Reached skill level 5 in Dodging
 10880 | D:8      | Noticed an ice statue
 12079 | D:8      | Killed an ice statue
 12087 | D:8      | Reached skill level 5 in Evocations
 12107 | D:8      | Reached ** piety under Sif Muna
 12383 | D:9      | Noticed Grum
 12619 | D:9      | Killed Grum
 13096 | D:9      | Reached XP level 11. HP: 49/62 MP: 7/25
 13535 | D:9      | Noticed a two-headed ogre
 13600 | D:9      | Killed a two-headed ogre
 13659 | D:9      | Found a blossoming altar of Fedhas.
 13660 | D:9      | Found a shattered altar of Ashenzari.
 13706 | D:9      | Found a shadowy altar of Dithmenos.
 13784 | D:9      | Reached skill level 5 in Fighting
 13830 | D:9      | Reached *** piety under Sif Muna
 14164 | D:9      | Found a staircase to the Orcish Mines.
 14470 | D:10     | Entered Level 10 of the Dungeon
 14585 | D:9      | Found a stormy altar of Qazlal.
 14585 | D:9      | Found a radiant altar of Vehumet.
 14756 | D:10     | Noticed a death yak
 14756 | D:10     | Noticed a death yak
 14756 | D:10     | Noticed a death yak
 14756 | D:10     | Noticed a death yak
 14756 | D:10     | Noticed a death yak
 14918 | D:9      | Mangled by a death yak

Levels and vault maps discovered:
D:1:      dpeg_arrival_refuge, layout_rooms, chequers_serial_rivers_marsh
D:2:      layout_rooms, nicolae_ru_path_of_blood
D:3:      layout_basic, marbit_many_paths, uniq_jessica
D:4:      layout_gridville, minmay_temple_entry_grid, serial_shops,
          nicolae_shop_crystal, first_ration
D:5:      layout_cave_pools, nicolae_overflow_crystal_walls, old_standard_altar,
          nemelex_xobeh_ov_fountains_minmay
D:6:      layout_loops_ring, kennysheep_mini_moat, trog_ov_bears_minmay,
          uniq_blork_the_orc
D:7:      layout_cave_pools, kennysheep_ying_yang, serial_shops, shop,
          uniq_duvessa
D:8:      cheibrodos_frozen_isle, layout_loops_cross
D:9:      layout_basic, nicolae_overflow_hidden_temple, erik_orc_2,
          grunt_livestock, uniq_grum
D:10:     layout_stronghold, dpeg_lair_monsters, serial_shops,
          kennysheep_little_box, fedhas_altar_2
Temple:   compressed_dpeg_triangle_lava_temple

Skill      XL: |  1  2  3  4  5  6  7  8  9 10 11 |
---------------+----------------------------------+-----
Conjurations   | 2 3 4 5 6 8 10 | 10.0
Spellcasting   | 4 5 6 8 9 |  9.9
Fire Magic     | 4 5 6 7 9 10 | 10.0
Fighting       | 2 4 5 |  5.2
Dodging        | 4 7 8 |  8.1
Evocations     | 3 5 6 |  6.0
Stealth        | |  2.4

Action                   |  1- 3 |  4- 6 |  7- 9 | 10-12 || total
-------------------------+-------+-------+-------+-------++-------
Melee: Dagger            |     1 |       |    22 |       ||    23
       Staff             |       |       |       |    37 ||    37
Throw: Stone             |    86 |    77 |    12 |       ||   175
       Dart              |       |       |    19 |     4 ||    23
 Cast: Flame Tongue      |    73 |   102 |   102 |       ||   277
       Conjure Flame     |     2 |     2 |     6 |     2 ||    12
       Sticky Flame      |       |       |    35 |    18 ||    53
       Throw Flame       |       |       |    76 |   194 ||   270
       Fireball          |       |       |     3 |    13 ||    16
Evoke: Wand              |       |       |     1 |     3 ||     4
  Use: Scroll            |       |    12 |     5 |     3 ||    20
       Potion            |       |       |       |     3 ||     3
  Eat: Chunk             |     3 |     3 |    12 |     7 ||    25
       Ration            |       |     2 |     3 |     2 ||     7
Armor: Robe              |     3 |       |    18 |    13 ||    34
Dodge: Dodged            |    12 |    20 |    46 |    62 ||   140
